 Dungeon Crawl Stone Soup version 0.26-a0-712-ga5a9c9c9d0 (webtiles) character file.

Game seed: 16662344888531892023

79946 jasper the Peltast (level 15, -9/101 HPs)
             Began as a Demonspawn Delver on Nov 1, 2020.
             Was an Elder of Okawaru.
             Mangled by an orc knight
             ... wielding a +0 long sword
              (21 damage)
             ... on level 2 of the Orcish Mines.
             The game lasted 00:52:34 (31159 turns).

jasper the Peltast (Demonspawn Delver)             Turns: 31159, Time: 00:52:35

Health: -9/101     AC: 24    Str: 18    XL:     15   Next: 22%
Magic:  27/29      EV: 15    Int: 20    God:    Okawaru [****..]
Gold:   2778       SH: 25    Dex: 18    Spells: 12/14 levels left

rFire    + + +     SeeInvis .     - Unarmed
rCold    . . .     Faith    .   y - +0 tower shield
rNeg     + + +     Spirit   .   F - +5 scale mail of the Battered Xeniums {rN++ MR-}
rPois    +         Reflect  .   E - +1 helmet {Int+3}
rElec    .         Harm     .   x - +0 cloak
rCorr    .         Rampage  .   P - +0 pair of gloves {Str+3}
MR       .....                  R - +0 pair of boots
Stlth    +++.......             l - amulet "Lucec" {Acrobat rF+++ Str-3 Int+2 Dex+4}
HPRegen  0.26/turn              r - ring of the Glowing Scavenger {+Inv rC- rN+ MP+9 Int+2}
MPRegen  0.21/turn              n - ring of poison resistance

@: heroism, slowed, very slow
A: hooves 2, iridescent scales 3, cold resistance 1, rot immunity, freezing
cloud immunity
a: Heroism, Renounce Religion, Evoke Invisibility


You were on level 2 of the Orcish Mines.
You worshipped Okawaru.
Okawaru was greatly pleased with you.
You visited 4 branches of the dungeon, and saw 20 of its levels.
You also visited: Bailey, Gauntlet and Ice Cave.

You collected 3256 gold pieces.
You spent 478 gold pieces at shops.

Inventory:

Hand Weapons
 V - a +1 hand crossbow of freezing
Missiles
 q - 12 boomerangs (quivered)
 v - 7 silver boomerangs
 w - 22 silver javelins
 W - 86 bolts
Armour
 x - a +0 cloak (worn)
 y - a +0 tower shield (worn)
 E - a +1 helmet of intelligence (worn)
 F - the +5 scale mail of the Battered Xeniums (worn) {rN++ MR-}
   (You found it on level 4 of the Lair of Beasts)

   It greatly protects you from negative energy.
   It affects your resistance to hostile enchantments.
 P - a +0 pair of gloves of strength (worn)
 R - a +0 pair of boots (worn)
Jewellery
 a - an uncursed ring of protection from cold
 k - an uncursed ring of wizardry
 l - the amulet "Lucec" (around neck) {Acrobat rF+++ Str-3 Int+2 Dex+4}
   (You found it in an ice cave)

   [amulet of the acrobat]

   It helps you evade while moving and waiting.
   It affects your strength (-3).
   It affects your intelligence (+2).
   It affects your dexterity (+4).
   It renders you almost immune to fire.
 n - a ring of poison resistance (right hand)
 r - the ring of the Glowing Scavenger (left hand) {+Inv rC- rN+ MP+9 Int+2}
   (You found it in a Gauntlet)

   [ring of magical power]

   It affects your intelligence (+2).
   It makes you vulnerable to cold.
   It protects you from negative energy.
   It affects your magic capacity (+9).
   It lets you turn invisible.
 s - the amulet of Fragile Peace {Spirit rPois Int+6}
   (You found it in a Gauntlet)

   [amulet of guardian spirit]

   It causes incoming damage to be split between your health and magic.
   It affects your intelligence (+6).
   It protects you from poison.
 K - an uncursed ring of protection from magic
 L - an uncursed ring of flight
 S - an uncursed ring of protection from fire
Wands
 f - a wand of digging (3)
 u - a wand of iceblast (2)
 B - a wand of polymorph (20)
 Y - a wand of acid (7)
Scrolls
 b - 5 scrolls of fog
 c - 9 scrolls of magic mapping
 d - 3 scrolls of fear
 g - 8 scrolls of teleportation
 i - a scroll of summoning
 j - 4 scrolls of noise
 o - 9 scrolls of immolation
 A - 5 scrolls of random uselessness
 G - 5 scrolls of amnesia
 J - 5 scrolls of remove curse
 O - 2 scrolls of vulnerability
 Z - 3 scrolls of enchant weapon
Potions
 h - 3 potions of mutation
 m - a potion of cancellation
 p - 2 potions of ambrosia
 t - 5 potions of stabbing
 z - a potion of lignification
 C - 6 potions of flight
 D - 4 potions of haste
 H - 4 potions of brilliance
 I - a potion of degeneration
 M - a potion of resistance
 Q - 3 potions of curing
Miscellaneous
 N - a tin of tremorstones (inert)
 X - a condenser vane (inert)


   Skills:
 + Level 4.7(9.7) Fighting
 + Level 3.7(8.7) Dodging
 - Level 4.5(9.5) Stealth
 - Level 20.0(25.0) Shields
 * Level 11.0(16.0) Unarmed Combat
 - Level 7.0 Invocations


You had 12 spell levels left.
You knew the following spells:

 Your Spells              Type           Power        Failure   Level
a - Passwall              Tmut/Erth      #.......     65%         2

Your spell library contained the following spells:

 Spells                   Type           Power        Failure   Level
 Animate Skeleton         Necr           #.....       50%         1
 Apportation              Tloc           #.....       50%         1
 Beastly Appendage        Tmut           #.....       50%         1
 Corona                   Hex            #......      50%         1
 Magic Dart               Conj           #...         50%         1
 Pain                     Necr           #...         50%         1
 Sandblast                Erth           #.....       50%         1
 Summon Small Mammal      Summ           #...         50%         1
 Blink                    Tloc           N/A          65%         2
 Call Imp                 Summ           #.......     65%         2
 Searing Ray              Conj           #.....       65%         2
 Slow                     Hex            #.......     65%         2
 Wereblood                Tmut           #.......     65%         2
 Conjure Flame            Conj/Fire      #.......     86%         3
 Dazzling Flash           Conj/Hex       #.....       86%         3
 Inner Flame              Hex/Fire       #.......     86%         3
 Mephitic Cloud           Conj/Pois/Air  #.......     86%         3
 Portal Projectile        Hex/Tloc       #.....       86%         3
 Spider Form              Tmut/Pois      #.........   86%         3
 Stone Arrow              Conj/Erth      #.....       86%         3
 Vampiric Draining        Necr           #.........   86%         3
 Animate Dead             Necr           #.........   99%         4
 Cause Fear               Hex            #.........   99%         4
 Fulminant Prism          Conj/Hex       #.........   99%         4
 Ice Form                 Ice/Tmut       #.......     99%         4
 Iskenderun's Mystic Bla  Conj/Tloc      #.......     99%         4
 Leda's Liquefaction      Hex/Erth       #.........   99%         4
 Petrify                  Tmut/Erth      #.......     99%         4
 Agony                    Necr           #.......     100%        5
 Blade Hands              Tmut           #.........   100%        5
 Lee's Rapid Deconstruct  Erth           #.........   100%        5


Dungeon Overview and Level Annotations

Branches:
Dungeon (11/15)            Temple (1/1) D:7            Lair (6/6) D:11
 Shoals (0/4) Lair:4       Spider (0/4) Lair:2        Slime (0/5) Lair:5
    Orc (2/2) D:9          Bailey (visited)           IceCv (visited)
Gauntlet (visited)
    Elf: Orc:2

Altars:
Cheibriados
Elyvilon
Fedhas
Gozag
Kikubaaqudgha
Makhleb
Nemelex Xobeh
Okawaru
Qazlal
Ru
Trog
Uskayaw
Yredelemnul
Zin
The Shining One
Beogh

Shops:
D:4 }   D:10 :   Orc:2 *=*

Annotations:
D:9 3 runed translucent doors, ArthosElwyn's ghost, novice OpBe
D:10 2 transporters, Eryximachus's ghost, journeyman OgTm
D:11 3 runed translucent doors, Mamah's ghost, journeyman TrMo


Innate Abilities, Weirdness & Mutations

You have hoof-like feet.
You are completely covered in iridescent scales. (AC +6)
Your flesh is cold resistant. (rC+)
You are immune to rotting.
You are immune to freezing clouds.


Message History

You block the orc knight's attack. The orc barely misses you.
You pummel the orc!!
You kill the orc!
You block the orc knight's attack.
You closely miss the orc knight.
The orc knight is severely wounded.
The orc knight misses you.
You hit the orc knight.
The orc knight is almost dead.
The orc knight hits you but does no damage.
You hit the orc knight but do no damage.
The orc knight is almost dead.
You feel like a meek peon again. You block the orc knight's attack.
You hit the orc knight.
The orc knight is almost dead.
You block the orc knight's attack.
You gain the combat prowess of a mighty hero.
The orc knight hits you with a +0 long sword!!
You die...

######....................#
#.)..................#
#...)....8.<.∩.8.....#
#..).................#
#).....).)...........#
#[)....).)...........#
#.)...∩...(..........#
#)).......)o).....#.##
#..........@........##
######..........(.........#
...................(.....##
........................##
....).)..................##
......)...................#
..)..)...................##
.)........................#
..)......................##


You could see an orc knight.

Vanquished Creatures
  A minotaur (Gauntlet)
  Snorg (Lair:3)
  Josephine (Lair:6)
  2 ice dragons (IceCv)
  9 hydras
  3 boulder beetles
  A catoblepas (Lair:5)
  Erica (D:8)
  2 two-headed ogres
  A tengu warrior (Gauntlet)
  A queen ant (D:10)
  5 orc high priests
  Nergalle (Lair:3)
  2 unseen horrors
  2 orc knights
  A deep elf mage (D:10)
  2 orc sorcerers (Orc:2)
  A moth of wrath (Gauntlet)
  2 ice statues (IceCv)
  5 elephants (Lair:4)
  30 cane toads
  4 black mambas
  A tengu conjurer (Gauntlet)
  5 rime drakes
  An efreet (Gauntlet)
  8 komodo dragons
  2 ice devils (Lair:1)
  4 trolls
  A jumping spider (Lair:2)
  4 tyrant leeches (Lair:6)
  3 slime creatures (Lair:5)
  2 polar bears (Lair:3)
  32 blink frogs
  22 dream sheep
  4 redbacks (Lair:2)
  4 wraiths (Lair:5)
  2 basilisks
  A wyvern (D:9)
  66 yaks
  6 vampire mosquitoes
  6 wargs
  7 soldier ants (D:10)
  2 hell hounds (Gauntlet)
  14 water moccasins
  27 orc warriors
  3 sky beasts
  16 ice beasts
  A black bear (D:11)
  2 phantoms
  10 ogres
  12 wolves
  3 centaurs
  26 bullfrogs
  5 big kobolds
  A water moccasin zombie (D:6)
  2 scorpions
  A water moccasin skeleton (D:3)
  4 howler monkeys
  16 wights
  3 electric eels
  5 hounds
  A jelly (Lair:5)
  21 orc priests
  3 bullfrog skeletons
  22 orc wizards
  4 centaur skeletons
  6 hell rats (Lair:3)
  4 iguanas
  37 worker ants
  A hound skeleton (D:6)
  A hound zombie (D:5)
  3 worker ant zombies
  Robin (D:2)
  20 gnolls
  16 adders
  2 shadow imps (D:6)
  3 white imps
  2 ufetubi
  A worm (D:2)
  3 dart slugs
  5 leopard geckos
  67 orcs
  10 bats
  7 giant cockroaches
  13 hobgoblins
  15 jackals
  5 quokkas
  A ball python (D:4)
  7 frilled lizards
  16 goblins
  A jackal zombie (D:8)
  42 kobolds
  4 rats
756 creatures vanquished.

Vanquished Creatures (others)
  A gnoll sergeant (D:9)
  A kobold (D:8)
  A bush (Lair:5)
  2 demonic plants (Gauntlet)
  45 fungi
  124 plants
174 creatures vanquished.

Grand Total: 930 creatures vanquished

Notes
Turn   | Place    | Note
-------+----------+-------------------------------------------
     0 | D:5      | jasper the Demonspawn Delver began the quest for the Orb.
     0 | D:5      | Reached XP level 1. HP: 18/18 MP: 1/1
     2 | D:5      | Found an iron altar of Okawaru.
    10 | D:5      | Became a worshipper of Warmaster Okawaru
   233 | D:6      | Noticed a hound
   262 | D:6      | Killed a hound
   262 | D:6      | Gained mutation: You have large cloven feet. [demonic
                  | ancestry]
   262 | D:6      | Reached XP level 2. HP: 8/24 MP: 2/2
   262 | D:6      | Gained mutation: You are partially covered in iridescent
                  | scales. (AC +2) [demonic ancestry]
   262 | D:6      | Reached XP level 3. HP: 10/29 MP: 3/3
   537 | D:6      | Found a blossoming altar of Fedhas.
   549 | D:6      | Found a burning altar of Makhleb.
   858 | D:6      | Reached XP level 4. HP: 35/35 MP: 4/4
  1146 | D:6      | Gained mutation: You are immune to rotting. [demonic
                  | ancestry]
  1146 | D:6      | Reached XP level 5. HP: 32/41 MP: 5/5
  1373 | D:6      | Noticed a centaur
  1386 | D:6      | Killed a centaur
  1386 | D:6      | Reached * piety under Okawaru
  1386 | D:6      | Reached skill level 5 in Unarmed Combat
  1525 | D:6      | Noticed a sky beast
  1538 | D:6      | Killed a sky beast
  1538 | D:6      | Gained mutation: You are mostly covered in iridescent
                  | scales. (AC +4) [demonic ancestry]
  1538 | D:6      | Reached XP level 6. HP: 27/47 MP: 3/6
  2188 | D:6      | Reached XP level 7. HP: 52/52 MP: 7/7
  2705 | D:5      | Reached ** piety under Okawaru
  3108 | D:4      | Reached XP level 8. HP: 53/58 MP: 8/8
  3703 | D:3      | Found a blossoming altar of Fedhas.
  4013 | D:2      | Found a stormy altar of Qazlal.
  4048 | D:2      | Found a snail-covered altar of Cheibriados.
  4557 | D:2      | You fall into a shaft and drop 1 floor!
  4643 | D:2      | Noticed Robin
  4682 | D:2      | Killed Robin
  4775 | D:2      | Found a sacrificial altar of Ru.
  4896 | D:2      | Found a white marble altar of Elyvilon.
  4940 | D:2      | Found a faded altar of an unknown god.
  6345 | D:4      | Found Xuanuf Rie's Gadget Shoppe.
  6348 | D:4      | Bought a tin of tremorstones (3/3) for 400 gold pieces
  6693 | D:5      | Reached skill level 10 in Unarmed Combat
  6817 | D:5      | Reached skill level 1 in Invocations
  7664 | D:7      | Found a hide-covered altar of Uskayaw.
  7698 | D:7      | Reached skill level 1 in Shields
  7823 | D:7      | Reached skill level 2 in Shields
  7949 | D:7      | Found a staircase to the Ecumenical Temple.
  8065 | D:7      | Reached skill level 3 in Shields
  8249 | D:7      | Reached *** piety under Okawaru
  8249 | D:7      | Gained mutation: Your flesh is cold resistant. (rC+)
                  | [demonic ancestry]
  8249 | D:7      | Reached XP level 9. HP: 63/63 MP: 11/11
  8460 | Temple   | Entered the Ecumenical Temple
  8480 | D:8      | Found a flagged portal.
  8504 | D:8      | Reached skill level 4 in Shields
  8585 | Bailey   | Entered a bailey
  8881 | Bailey   | Reached skill level 5 in Shields
  8941 | Bailey   | Noticed an orc knight
  8973 | Bailey   | Killed an orc knight
  8973 | Bailey   | Reached skill level 6 in Shields
  8989 | Bailey   | Reached **** piety under Okawaru
  8989 | Bailey   | Reached skill level 7 in Shields
  9326 | D:8      | Reached skill level 8 in Shields
  9429 | D:8      | Noticed Erica
  9439 | D:8      | Killed Erica
  9439 | D:8      | Reached ***** piety under Okawaru
  9439 | D:8      | Received a gift from Okawaru
  9439 | D:8      | Gained mutation: You have hoof-like feet. [demonic
                  | ancestry]
  9439 | D:8      | Reached XP level 10. HP: 70/70 MP: 12/12
  9478 | D:8      | Reached skill level 9 in Shields
  9859 | D:9      | Identified a scroll of acquirement
  9863 | D:9      | Acquired a +0 pair of gloves of strength
  9931 | D:8      | HP: 3/70 [something (1)]
  9940 | D:8      | Killed an unseen horror
  9940 | D:8      | Reached skill level 10 in Shields
 10522 | D:9      | Found a staircase to the Orcish Mines.
 10524 | D:9      | Found a roughly hewn altar of Beogh.
 10591 | D:9      | Found a bloodstained altar of Trog.
 10760 | D:9      | Found a runed translucent gate.
 10782 | D:9      | Found a runed translucent gate.
 10824 | D:9      | Received a gift from Okawaru
 11092 | D:9      | Reached skill level 11 in Shields
 11098 | D:9      | Found an opulent altar of Gozag.
 11099 | D:9      | Found a glowing silver altar of Zin.
 11099 | D:9      | Found a basalt altar of Yredelemnul.
 11100 | D:9      | Found an ancient bone altar of Kikubaaqudgha.
 11171 | D:9      | Noticed a ten-headed hydra
 11199 | D:9      | Found a runed translucent gate.
 11200 | D:9      | Noticed ArthosElwyn's ghost (novice OpBe)
 11290 | D:10     | Entered Level 10 of the Dungeon
 11641 | D:10     | Found Byuk's Book Emporium.
 11684 | D:10     | Reached XP level 11. HP: 75/75 MP: 13/13
 11721 | D:10     | Noticed a deep elf mage
 11739 | D:10     | Killed a deep elf mage
 12041 | D:10     | Noticed Eryximachus's ghost (journeyman OgTm)
 12049 | D:10     | Found a transporter.
 12069 | D:10     | Noticed a queen ant
 12112 | D:10     | Killed a queen ant
 12112 | D:10     | Reached skill level 12 in Shields
 12372 | D:10     | Found a transporter.
 12506 | D:11     | Found a gate leading to a gauntlet.
 12506 | D:11     | Noticed a two-headed ogre
 12515 | D:11     | Killed a two-headed ogre
 12515 | D:11     | Reached skill level 13 in Shields
 12520 | Gauntlet | Entered a Gauntlet
 12520 | Gauntlet | Found a transporter.
 12520 | Gauntlet | Found a transporter.
 12520 | Gauntlet | Found a transporter.
 12523 | Gauntlet | Noticed a tengu warrior
 12544 | Gauntlet | Found a transporter.
 12554 | Gauntlet | Found a transporter.
 12558 | Gauntlet | Found a transporter.
 12560 | Gauntlet | Found a large runed translucent door.
 12561 | Gauntlet | Found a large runed translucent door.
 12562 | Gauntlet | Found a large runed translucent door.
 12562 | Gauntlet | Found a large runed translucent door.
 12562 | Gauntlet | Found a runed translucent door.
 12562 | Gauntlet | Found a runed translucent door.
 12563 | Gauntlet | Found a large runed translucent door.
 12564 | Gauntlet | Found a large runed translucent door.
 12565 | Gauntlet | Found a large runed translucent door.
 12565 | Gauntlet | Found a large runed translucent door.
 12566 | Gauntlet | Found a runed translucent gate.
 12566 | Gauntlet | Found a runed translucent gate.
 12566 | Gauntlet | Found a runed translucent gate.
 12567 | Gauntlet | Noticed a sun demon
 12568 | Gauntlet | Found a transporter.
 12577 | Gauntlet | Found a large runed translucent door.
 12577 | Gauntlet | Found a large runed translucent door.
 12578 | Gauntlet | Found a large runed translucent door.
 12579 | Gauntlet | Found a large runed translucent door.
 12586 | Gauntlet | Identified the amulet "Verotecai" {Spirit rC+ Slay+5}
 12589 | Gauntlet | Found a transporter.
 12590 | Gauntlet | Found a large runed translucent door.
 12590 | Gauntlet | Found a large runed translucent door.
 12591 | Gauntlet | Found a large runed translucent door.
 12592 | Gauntlet | Found a large runed translucent door.
 12595 | Gauntlet | Found a transporter.
 12598 | Gauntlet | Found a transporter.
 12608 | Gauntlet | Found a transporter.
 12612 | Gauntlet | Found a transporter.
 12743 | Gauntlet | Received a gift from Okawaru
 12745 | Gauntlet | Killed a tengu warrior
 12762 | Gauntlet | Acquired 737 gold pieces
 12971 | Gauntlet | Got a glittering crystal amulet
 12982 | Gauntlet | Identified the amulet of Fragile Peace {Spirit rPois Int+6}
                  | (You found it in a Gauntlet)
 13236 | Gauntlet | Identified the cursed +1 bardiche "Yqugus" {freeze, rF+
                  | rN+}
 13236 | Gauntlet | Noticed a minotaur
 13249 | Gauntlet | Killed a minotaur
 13268 | Gauntlet | Got a smoking copper ring
 13270 | Gauntlet | Identified the ring of the Glowing Scavenger {+Inv rC- rN+
                  | MP+9 Int+2} (You found it in a Gauntlet)
 13484 | D:11     | Reached skill level 14 in Shields
 13526 | D:11     | Found a staircase to the Lair.
 13701 | D:11     | Found a runed translucent gate.
 13702 | D:11     | Found a runed translucent gate.
 13703 | D:11     | Found a runed translucent gate.
 13705 | D:11     | Noticed Mamah's ghost (journeyman TrMo)
 13876 | D:11     | Killed an unseen horror
 13876 | D:11     | Reached XP level 12. HP: 77/81 MP: 14/14
 14080 | Lair:1   | Entered Level 1 of the Lair of Beasts
 14098 | Lair:1   | Found a frozen archway.
 14185 | IceCv    | Entered an ice cave
 14772 | IceCv    | Reached skill level 15 in Shields
 14804 | IceCv    | Noticed an ice dragon
 14804 | IceCv    | Noticed an ice dragon
 14840 | IceCv    | Killed an ice dragon
 14840 | IceCv    | Received a gift from Okawaru
 15011 | IceCv    | Killed an ice dragon
 15160 | IceCv    | Got a glittering amethyst amulet
 15171 | IceCv    | Identified the amulet "Lucec" {Acrobat rF+++ Str-3 Int+2
                  | Dex+4} (You found it in an ice cave)
 16110 | Lair:1   | Reached skill level 16 in Shields
 16523 | Lair:1   | Received a gift from Okawaru
 16871 | Lair:1   | Noticed a six-headed hydra
 16879 | Lair:1   | Killed a six-headed hydra
 17208 | Lair:2   | Gained mutation: You are immune to freezing clouds.
                  | [demonic ancestry]
 17208 | Lair:2   | Reached XP level 13. HP: 42/86 MP: 15/15
 17906 | Lair:2   | Reached skill level 17 in Shields
 18221 | Lair:2   | HP: 2/86 [boulder beetle (40)]
 18436 | Lair:2   | Received a gift from Okawaru
 18966 | Lair:2   | Found a hole to the Spider Nest.
 19631 | Lair:3   | Noticed Nergalle
 19653 | Lair:3   | Killed Nergalle
 19829 | Lair:3   | You fall into a shaft and drop 1 floor!
 20688 | Lair:4   | Received a gift from Okawaru
 20688 | Lair:4   | Reached skill level 18 in Shields
 20715 | Lair:4   | Got a faintly humming scale mail
 20726 | Lair:4   | Identified the +5 scale mail of the Battered Xeniums {rN++
                  | MR-} (You found it on level 4 of the Lair of Beasts)
 20978 | Lair:4   | Found a staircase to the Shoals.
 21201 | Lair:4   | You fall into a shaft and drop 2 floors!
 21201 | Lair:6   | Entered Level 6 of the Lair of Beasts
 22445 | Lair:3   | Reached XP level 14. HP: 93/93 MP: 16/16
 23130 | Lair:3   | Noticed Snorg
 23140 | Lair:3   | Killed Snorg
 23666 | Lair:5   | Found a staircase to the Slime Pits.
 23677 | Lair:5   | Reached skill level 19 in Shields
 24100 | Lair:5   | Learned a level 2 spell: Passwall
 24899 | Lair:6   | Noticed Josephine
 25368 | Lair:6   | Killed Josephine
 26061 | Lair:6   | Reached skill level 20 in Shields
 26312 | Lair:6   | Reached skill level 5 in Invocations
 26735 | Lair:6   | Received a gift from Okawaru
 27814 | Lair:6   | Identified the cursed +0 kite shield of the Blessed Realm
                  | {rF++ rCorr Dex+2 Stlth-} (You found it on level 6 of the
                  | Lair of Beasts)
 28434 | Orc:1    | Entered Level 1 of the Orcish Mines
 28560 | D:9      | Gained mutation: You are completely covered in iridescent
                  | scales. (AC +6) [demonic ancestry]
 28560 | D:9      | Reached XP level 15. HP: 47/99 MP: 20/20
 29081 | Orc:2    | Entered Level 2 of the Orcish Mines
 29163 | Orc:2    | Found a roughly hewn altar of Beogh.
 29420 | Orc:2    | Found Hosa's General Store.
 29461 | Orc:2    | Found Seleecri's Jewellery Shop.
 29521 | Orc:2    | Found Kaipn's Assorted Antiques.
 29539 | Orc:2    | Bought a scroll labeled OSURYI XACE KENN for 26 gold pieces
 29539 | Orc:2    | Bought a scroll of identify for 52 gold pieces
 30046 | Orc:2    | Paralysed by an orc sorcerer for 6 turns
 31159 | Orc:2    | Mangled by an orc knight

Illustrated notes

Levels and vault maps discovered:
D:1:      dpeg_arrival_tiny_a, layout_rooms
D:2:      layout_loops_cross, kennysheep_slug_shrine, old_standard_altar,
          lemuel_doored_altar, elyvilon_altar_5,
          chequers_ecumenical_altar_simple, serial_forest,
          infiniplex_forest_diagonal, infiniplex_forest_join,
          infiniplex_forest_diagonal, infiniplex_forest_clump_C,
          infiniplex_forest_end_2, infiniplex_forest_lined_3,
          infiniplex_forest_clump_large, uniq_robin
D:3:      layout_basic, fedhas_altar_1
D:4:      layout_loops_corners, serial_shops, kennysheep_mini
D:5:      layout_layer_cave, nicolae_overflow_hidden_temple,
          portal_sewer_entry_d
D:6:      layout_loops_corners, amethyst_overflow_temple_binary,
          grunt_decor_clamped
D:7:      layout_basic, old_standard_altar, minmay_temple_entry_tees
D:8:      layout_rooms, enter_bailey_6, uniq_erica
D:9:      layout_cave_pools, chequers_temple_overflow_statue_of_worship,
          old_standard_altar, david_orc_5, gammafunk_ghost_hydra_chop
D:10:     layout_stronghold, gammafunk_ghost_berserking_beasts, serial_shops,
          shop_fountains, zaba_antful_of_joy
D:11:     layout_roguey, erik_lair_orcish_takeover, gauntlet_entry_generic,
          ebering_ghost_rock_garden
Temple:   compressed_dpeg_triangle_lava_temple
Lair:1:   layout_regular_city, portal_ice_cave_demonic_guard, lemuel_fruit_tree,
          grunt_megastairs_3
Lair:2:   layout_misc_corridors, nicolae_spider_entry_tight_spaces, minmay_holes
Lair:3:   layout_gridlike, serial_bayou_lagoon_a, uniq_snorg, uniq_nergalle
Lair:4:   layout_regular_city, elwin_shoals_entry_rocks
Lair:5:   layout_loops_ring, minmay_slime_entry_pillars
Lair:6:   minmay_lair_end_frog_pond, layout_regular_city,
          infiniplex_staircase_pool, grunt_megastairs_2, uniq_josephine
Orc:1:    minmay_goldmine, layout_diamond_mine, serial_shops,
          nicolae_shop_statue_plus, basic_altar
Orc:2:    st_orc_congregation, layout_diamond_mine, basic_altar, serial_shops,
          shop, shop_statue, shop, shop, shop

Skill      XL: |  1  2  3  4  5  6  7  8  9 10 11 12 13 14 15 |
---------------+----------------------------------------------+-----
Unarmed Combat | 3 4 6 7 8 10 11 | 11.0
Invocations    | 3 7 |  7.0
Shields        | 3 8 11 14 16 18 20 | 20.0
Dodging        | 2 3 |  3.7
Fighting       | 4 |  4.7
Stealth        | |  4.5

Action                   |  1- 3 |  4- 6 |  7- 9 | 10-12 | 13-15 || total
-------------------------+-------+-------+-------+-------+-------++-------
Melee: Unarmed           |    40 |    66 |   485 |  1024 |  1834 ||  3449
       Punch             |     2 |     7 |    18 |       |       ||    27
       Kick              |     4 |    29 |   168 |   446 |   267 ||   914
Throw: Boomerang         |       |       |    90 |    50 |   136 ||   276
Invok: Heroism           |       |     1 |     6 |    24 |    50 ||    81
       Finesse           |       |       |       |     5 |    10 ||    15
Evoke: Wand              |     3 |    18 |       |       |    42 ||    63
       Tin of tremorston |       |       |     3 |     1 |     8 ||    12
       Condenser vane    |       |       |       |     1 |     6 ||     7
  Use: Potion            |     1 |       |     1 |     4 |     6 ||    12
       Scroll            |       |       |     9 |    16 |     9 ||    34
 Stab: Sleeping          |       |       |    12 |       |       ||    12
       Confused          |       |       |       |       |     4 ||     4
       Paralysed         |       |       |       |       |     4 ||     4
Armor: Leather armour    |     4 |    16 |    32 |       |       ||    52
       Ring mail         |       |       |    87 |    28 |       ||   115
       Skin              |       |       |     2 |       |       ||     2
       Chain mail        |       |       |       |   161 |    62 ||   223
       Scale mail        |       |       |       |       |   268 ||   268
Dodge: Dodged            |    25 |    28 |   182 |   103 |   352 ||   690
Block: Other             |       |     4 |    71 |       |       ||    75
       Reflection        |       |       |    79 |    27 |       ||   106
       Tower shield      |       |       |   184 |   940 |  1693 ||  2817

Table legend: (Time is in decaauts)
 A = Elapsed time spent in this place.
 B = Non-inter-level travel time spent in this place.
 C = Inter-level travel time spent in this place.
 D = Time resting spent in this place.
 E = Time spent auto-exploring this place.
 F = Levels seen in this place.
 G = Mean time per level.
                   A        B        C        D        E       F      G
               +--------+--------+--------+--------+--------+-----+--------+
         Total |  30631 |  29774 |    857 |   6794 |  16449 |  23 | 1331.8 |
       Dungeon |  13199 |  12616 |    583 |   2637 |   7499 |  11 | 1199.9 |
        Temple |      1 |      1 |      0 |      0 |      0 |   1 |    1.0 |
          Lair |  12911 |  12644 |    267 |   2896 |   7195 |   6 | 2151.8 |
  Orcish Mines |   2098 |   2091 |      7 |    487 |    861 |   2 | 1049.0 |
        Bailey |    609 |    609 |      0 |    205 |    224 |   1 |  609.0 |
      Ice Cave |   1057 |   1057 |      0 |    245 |    506 |   1 | 1057.0 |
      Gauntlet |    753 |    753 |      0 |    323 |    164 |   1 |  753.0 |
               +--------+--------+--------+--------+--------+-----+--------+

Top non-repeatable levels by time:
  Lair:6: 2795 daAuts
  Lair:5: 2763 daAuts
  Lair:2: 2540 daAuts
     D:6: 2510 daAuts
   Orc:2: 2029 daAuts
  Lair:1: 1898 daAuts
     D:5: 1669 daAuts
  Lair:4: 1641 daAuts
     D:9: 1547 daAuts
  Lair:3: 1271 daAuts
     D:4: 1264 daAuts
     D:8: 1206 daAuts
    D:10: 1204 daAuts
   IceCv: 1057 daAuts
     D:2: 960 daAuts
